 Dungeon Crawl Stone Soup version 0.29-a0-410-g9596d59a08 (webtiles) character file.

Game seed: 16349116404834998830

95 Lekart the Skirmisher (level 4, -4/41 HPs)
             Began as a Draconian Chaos Knight on May 14, 2022.
             Was a Plaything of Xom.
             Slain by Menkaure (14 damage)
             ... on level 4 of the Dungeon.
             The game lasted 00:02:49 (2182 turns).

Lekart the Skirmisher (Draconian Chaos Knight)      Turns: 2182, Time: 00:02:50

Health: -4/41      AC:  5    Str: 14    XL:     4   Next: 40%
Magic:  4/4        EV: 12    Int: 13    God:    Xom [..*...]
Gold:   149        SH:  0    Dex: 12    Spells: 3/3 levels left

rFire   . . .      SeeInvis .   a - +1 falchion (chaos)
rCold   . . .      Faith    .   (no shield)
rNeg    . . .      Spirit   .   (body armour unavailable)
rPois   .          Reflect  .   (helmet restricted)
rElec   .          Harm     .   (no cloak)
rCorr   .          Rampage  .   (no gloves)
Will    .....                   (no boots)
Stlth   +.........              (no amulet)
HPRegen 0.13/turn               (no ring)
MPRegen 0.09/turn               (no ring)

@: no status effects
A: AC +5, unfitting armour, cold-blooded
a: Renounce Religion


You were on level 4 of the Dungeon.
You worshipped Xom.
You were a toy of Xom.
You visited 1 branch of the dungeon, and saw 4 of its levels.

You collected 149 gold pieces.

Inventory:

Hand Weapons
 a - a +1 falchion of chaos (weapon)
Wands
 i - a wand of flame (13)
 l - a wand of acid (5)
Scrolls
 c - a scroll of magic mapping
Potions
 d - 2 potions of curing
 e - a potion of attraction
 g - a potion of magic
Miscellaneous
 b - a piece from Xom's chessboard (15/15) (quivered)


   Skills:
 * Level 4.4 Fighting
 + Level 3.5 Long Blades
 + Level 2.8 Dodging
 + Level 1.5 Evocations


You had 3 spell levels left.
You didn't know any spells.
Your spell library contained the following spells:

 Spells                   Type           Power      Damage    Failure   Level
 Gell's Gravitas          Tloc           0%         N/A       67%         3
 Lesser Beckoning         Tloc           0%         N/A       67%         3
 Teleport Other           Tloc           0%         N/A       67%         3


Dungeon Overview and Level Annotations

Branches:
Dungeon (4/15)             Temple (0/1) D:4

Altars:

Annotations:
D:4 Menkaure


Innate Abilities, Weirdness & Mutations

Your plain brown scales are hard. (AC +5)
You cannot fit into any form of body armour.
You are cold-blooded and may be slowed by cold attacks.


Message History

The ball python bites you but does no damage.
The ball python constricts you.
You barely miss the ball python.
The ball python is moderately wounded.
The ball python bites you but does no damage.
The ball python constricts you. The ball python closely misses you.
The ball python constricts you.
You slash the ball python!
You kill the ball python!
Found a staircase to the Ecumenical Temple.
Menkaure casts a spell.
Menkaure seems to speed up.
You barely miss Menkaure.
Your tail-slap misses Menkaure.
Menkaure barely misses you.
You hit Menkaure. You burn Menkaure.
Your tail-slap misses Menkaure.
Menkaure is lightly damaged.
Menkaure hits you but does no damage.
An endoplasm comes into view.
You barely miss Menkaure.
Menkaure is lightly damaged.
The endoplasm quivers.
Menkaure hits you!!
Menkaure whispers, "Let me perform the rites..."
Menkaure closely misses you.
You hit Menkaure but do no damage.
Menkaure is lightly damaged.
Menkaure hits you!!
* * * LOW HITPOINT WARNING * * *
You are too injured to fight recklessly!
You are too injured to fight recklessly!
You are too injured to fight recklessly!
You feel better.
Menkaure calls on the powers of darkness!
Your body is wracked with pain!
* * * LOW HITPOINT WARNING * * *
The endoplasm convulses!
Menkaure barely misses you. Menkaure hits you!
You die...
Xom cackles wildly!

. ..## .>. #.
## ..# ... ..
(. #.##.$ ###.
#. .##.J#.###..
#.. ....#.#...
#..#.......###.
##..<##.#......
#....@M...#
#.........#
.....(....(.#
.............#
##.###.......=.
...
$..........# ##
########.#...#
.#.#... .#.####


You could see Menkaure (fast).

Vanquished Creatures
  Ijyb (D:3)
  3 adders (D:3)
  2 dart slugs
  5 bats
  2 endoplasms (D:1)
  5 giant cockroaches
  2 goblins
  5 hobgoblins
  A quokka (D:1)
  3 ball pythons
  A frilled lizard (D:2)
  3 kobolds
  7 rats
40 creatures vanquished.

Notes
Turn   | Place    | Note
-------+----------+-------------------------------------------
     0 | D:1      | Lekart the Draconian Chaos Knight began the quest for the
                  | Orb.
     0 | D:1      | Reached XP level 1. HP: 19/19 MP: 1/1
   111 | D:1      | XOM: divination: detect creatures
   170 | D:1      | Found a faded altar of an unknown god.
   276 | D:1      | XOM: silly message
   690 | D:1      | XOM: silly message
   694 | D:1      | Reached XP level 2. HP: 26/26 MP: 2/2
  1039 | D:1      | XOM: divination: magic mapping
  1085 | D:1      | You fall into a shaft and drop 1 floor!
  1524 | D:3      | Reached skill level 1 in Evocations
  1524 | D:3      | Reached XP level 3. HP: 33/33 MP: 3/3
  1538 | D:3      | Reached skill level 4 in Fighting
  1594 | D:3      | XOM: noise
  1765 | D:3      | Reached XP level 4. HP: 40/40 MP: 4/4
  1847 | D:3      | Noticed Ijyb
  1851 | D:3      | XOM: enchant monster (good)
  1862 | D:3      | Killed Ijyb
  2170 | D:4      | Noticed Menkaure
  2175 | D:4      | Found a staircase to the Ecumenical Temple.
  2182 | D:4      | Slain by Menkaure

Illustrated notes

Levels and vault maps discovered:
D:1:      dpeg_arrival_ternary, layout_basic,
          shapermc_ecumenical_altar_starsandcircs
D:2:      layout_rooms
D:3:      layout_rooms, minmay_misc_feat_room, nicolae_underground_beach,
          uniq_ijyb
D:4:      layout_rooms, grunt_temple_overflow_lords_of_destruction,
          minmay_temple_entry_slanted, uniq_eustachio, uniq_duvessa,
          uniq_menkaure

Skill      XL: |  1  2  3 |
---------------+----------+-----
Evocations     | 1 |  1.5
Fighting       | 4 |  4.4
Long Blades    | |  3.5
Dodging        | |  2.8

Action                   |  1- 3 |  4- 6 || total
-------------------------+-------+-------++-------
Melee: Falchion          |    97 |    24 ||   121
       Tailslap          |     6 |     4 ||    10
Evoke: Wand              |     1 |       ||     1
  Use: Scroll            |     6 |     2 ||     8
       Potion            |     2 |     2 ||     4
 Stab: Petrified         |     1 |       ||     1
       Paralysed         |       |     9 ||     9
Armor: Skin              |    48 |     4 ||    52
Dodge: Dodged            |    74 |     7 ||    81

Table legend: (Time is in decaauts)
 A = Elapsed time spent in this place.
 B = Non-inter-level travel time spent in this place.
 C = Inter-level travel time spent in this place.
 D = Time resting spent in this place.
 E = Time spent auto-exploring this place.
 F = Levels seen in this place.
 G = Mean time per level.
                   A        B        C        D        E       F      G
               +--------+--------+--------+--------+--------+-----+--------+
         Total |   2181 |   2145 |     36 |    429 |   1376 |   4 |  545.2 |
       Dungeon |   2181 |   2145 |     36 |    429 |   1376 |   4 |  545.2 |
               +--------+--------+--------+--------+--------+-----+--------+

Top non-repeatable levels by time:
     D:1: 1095 daAuts
     D:3: 647 daAuts
     D:2: 423 daAuts
     D:4: 14 daAuts
